 Dungeon Crawl Stone Soup version 0.23.2-1-ga50397a (webtiles) character file.

Game seed: 0

53 NitroKuite the Skirmisher (level 3, 35/35 HPs)
             Began as a Minotaur Berserker on Mar 17, 2019.
             Was a Follower of Trog.
             Got out of the dungeon alive.
             The game lasted 00:14:57 (990 turns).

NitroKuite the Skirmisher (Minotaur Berserker)       Turns: 990, Time: 00:14:58

Health: 35/35      AC:  8    Str: 22    XL:     3   Next: 62%
Magic:  2/2        EV:  8    Int:  4    God:    Trog [*.....]
Gold:   30         SH:  0    Dex:  9    Spells: 2/2 levels left

rFire    . . .     SeeInvis .   (no weapon)
rCold    . . .     Gourm    .   (no shield)
rNeg     . . .     Faith    .   i - +0 chain mail
rPois    .         Spirit   .   (helmet restricted)
rElec    .         Reflect  .   (no cloak)
rCorr    .         Harm     .   (no gloves)
MR       .....                  (no boots)
Stlth    ..........             (no amulet)
HPRegen  0.11/turn              (no ring)
MPRegen  0.08/turn              (no ring)

@: no status effects
A: retaliatory headbutt, horns 2
a: Berserk, Renounce Religion


You escaped.
You worshipped Trog.
Trog was aware of your devotion.
You were not hungry.

You visited 1 branch of the dungeon, and saw 2 of its levels.

You collected 30 gold pieces.

Inventory:

Hand Weapons
 a - a +0 hand axe
Armour
 i - a +0 chain mail (worn)
Jewellery
 h - a +6 ring of dexterity {unknown}
 k - a +2 amulet of reflection {unknown}
Scrolls
 b - a scroll of remove curse {unknown}
 f - a scroll of amnesia {unknown}
 g - a scroll of identify {unknown}
Potions
 d - a potion of might {unknown}
 e - a potion of cancellation {unknown}
 j - 2 potions of berserk rage {unknown}
 l - 3 potions of resistance {unknown}
 m - a potion of magic {unknown}
Comestibles
 c - 4 rations


   Skills:
 + Level 4.8 Fighting
 + Level 4.2 Axes
 + Level 2.6 Armour
 + Level 2.4 Dodging
 + Level 0.5 Unarmed Combat


You had 2 spell levels left.
You didn't know any spells.
Your spell library was empty.

Dungeon Overview and Level Annotations

Branches:
Dungeon (2/15)

Altars:

Annotations:
D:1 888888


Innate Abilities, Weirdness & Mutations

You reflexively headbutt those who attack you in melee.
You have a pair of horns on your head.


Message History

You see here 17 stones.
You see here 17 stones.
A rat comes into view.
Found a stone staircase leading up.
A rat is nearby!
An adder comes into view.
There is a stone staircase leading up here.
You don't know any spells.
You climb upwards.
Level annotation: 888888
There is a stone staircase leading down here.
Unknown command.
You open the door.
There is an open door here.
Unknown command.
Unknown command.
Unknown command.
There is a staircase leading out of the dungeon here.
Are you sure you want to leave the Dungeon?
This will make you lose the game!
You have escaped!

.#.#...# ##############.......#
.#....#+ ....####......+#.##....
.###..# ....##........#.######
......# ...##...##...#.# ##
...##.#. #..##..####..#.# #.
......#.. ##..##..####..#.## #.
......#...##...##...##...#..####.
......#..................#.......
...##.##........@.......###.####.
#####.#######..##..#######..#....
#.#######..##..#######..#....
#.##................##..#....
#.#..................#..#....
#.#...##...##...##...#..#....
#.#..####..##..####..#..#....
#.#..####..##..# ##..#..#####
#.#...##...##...##...#..#####


There were no monsters in sight!

Vanquished Creatures
  3 adders (D:2)
  An ooze (D:2)
  A dart slug (D:2)
  A giant cockroach (D:2)
  A goblin (D:2)
  7 hobgoblins
  2 frilled lizards
  A kobold (D:2)
  4 rats
21 creatures vanquished.

Notes
Turn   | Place    | Note
-------+----------+-------------------------------------------
     0 | D:1      | NitroKuite the Minotaur Berserker began the quest for the
                  | Orb.
     0 | D:1      | Reached XP level 1. HP: 19/19 MP: 0/0
   235 | D:1      | Upgraded the game from 0.23.1 to 0.23.2-1-ga50397a
   599 | D:2      | Reached XP level 2. HP: 27/27 MP: 1/1
   659 | D:2      | Reached XP level 3. HP: 29/34 MP: 2/2
   990 | D:$      | Got out of the dungeon alive.

Skill      XL: |  1  2 |
---------------+-------+-----
Fighting       | 4 |  4.8
Axes           | 4 |  4.2
Armour         | |  2.6
Dodging        | |  2.4
Unarmed Combat | |  0.5

Action                   || total
-------------------------++-------
Melee: Unarmed           ||    44
       Hand axe          ||     6
       Headbutt          ||    11
Armor: Chain mail        ||    33
Dodge: Dodged            ||    29
